cohdb
Replays
Latest Replays
All Replays
Popular Replays
Top Player Replays
Match Explorer
How It Works
Community
CoH3 Stats
Reddit
Sign in to upload your games and track your stats! →
Sign in with Steam
Match 41000454
Unlisted
Match 41000454
Overview
Messages
Build Orders
End
Royal Engineer Section
Construct Section Command Post
Selects Australian Defense Battlegroup
Selects Australian Light Infantry Section
Infantry Section
Infantry Section
Infantry Section
Construct Field Infirmary
Construct Platoon Command Post
Selects 2-pounder Anti-tank Gun Team
Humber Armored Car
2-pounder Anti-tank Gun Team
Infantry Section
Selects Vehicle Over Repair
6-pounder Anti-tank Gun Team
Construct Company Command Post
Crusader II Medium Tank
FeriG
Reakly
0
0
Comments
sign in to comment!
No comments posted yet!